Map: Dusk Towers

Players

Chubz - Winner!

  • Race: Protoss Protoss
  • League: Master

frozz

  • Race: Terran Terran
  • League: Master

Event: DreamHack ZOWIE Open Leipzig

VOD

Have the link to the VOD?

Description

Time

  • Played on: Jan. 22, 2016, 9:13 a.m.
  • Length: 3:29

All games in this series

Show
View Real Time Build Order
Export as new Build Order

Chubz Protoss - Winner!

Build Orders: 1 Gate Expand 

Get SALT Encoding   

  12  0:01  Probe (Chrono Boost)  
  13  0:11  Probe (Chrono Boost)  
  14  0:19  Pylon  
  14  0:22  Probe (Chrono Boost)  
  15  0:37  Gateway, Probe (Chrono Boost)  
  15  0:41  Assimilator  
  16  0:48  Probe (Chrono Boost)  
  17  0:58  Probe (Chrono Boost)  
  18  1:09  Probe (Chrono Boost)  
  19  1:18  Nexus  
  19  1:21  Probe (Chrono Boost)  
  20  1:32  Cybernetics Core  
  20  1:37  Zealot (Chrono Boost)  
  22  1:42  Assimilator  
  22  1:50  Pylon  
  22  1:52  Gateway  
  22  1:55  Probe  
  23  2:11  Stalker (Chrono Boost)  
  25  2:15  Pylon  
  25  2:22  Mothership Core (Chrono Boost)  
  24  2:35  Pylon  
  24  2:40  Stalker (Chrono Boost)  
  26  2:46  Pylon  
  28  2:53  Stalker (Chrono Boost)  
  28  3:02  Probe  
Show
View Real Time Build Order
Export as new Build Order

frozz Terran 

Build Orders:  

Get SALT Encoding   

  12  0:00  SCV  
  13  0:12  SCV  
  14  0:18  Supply Depot  
  14  0:25  SCV  
  16  0:44  Barracks  
  15  0:52  Barracks  
  15  1:05  Barracks  
  15  1:10  SCV  
  16  1:30  Marine  
  17  1:33  Barracks  
  17  1:39  Marine  
  18  1:42  Orbital Command  
  18  1:48  Marine  
  18  1:52  Marine  
  20  1:58  Marine  
  21  2:06  Marine  
  22  2:10  Marine  
  23  2:15  Marine  
  23  2:17  Bunker  
  23  2:20  Marine  
  25  2:26  Marine  
  26  2:32  Marine  
  26  2:34  Marine  
  28  2:45  Marine  
  28  2:48  Marine  
  27  2:52  Marine  
  27  2:58  Marine  
  29  3:04  Marine  

Tags
 
Add a new tag
Caveats
  • Supply blocks, unpowered buildings, or Contaminate may cause inaccurate times.
  • Supply counts are checked every 10 seconds.